 Dungeon Crawl Stone Soup version 0.30.1-11-g7821555f0a (webtiles) character file.

Game seed: 5058885638998877393

902 Tauromancer the Cleaver (level 7, -7/57 HPs)
             Began as a Minotaur Fighter on Dec 21, 2023.
             Mangled by an orc warrior
             ... wielding a +0 battleaxe
              (10 damage)
             ... in a bailey.
             The game lasted 00:20:21 (4020 turns).

Tauromancer the Cleaver (Minotaur Fighter)          Turns: 4020, Time: 00:20:22

Health: -7/57      AC: 11    Str: 23    XL:     7   Next: 80%
Magic:  6/6        EV:  9    Int:  5    God:
Gold:   258        SH:  4    Dex:  9    Spells: 6/6 levels left

rFire   + . .        a - +2 war axe
rCold   . . .        c - +0 buckler
rNeg    . . .        b - +0 scale mail
rPois   .            (helmet restricted)
rElec   .            p - +2 cloak
rCorr   .            (no gloves)
SInv    .            j - +0 pair of boots
Will    .....        i - amulet of the acrobat Stlth
                     g - ring of protection from fire
HPRegen 0.29/turn    (no ring)
MPRegen 0.10/turn

%: acrobat
@: no status effects
A: horns 2, retaliatory headbutt
a: no special abilities


You were in a bailey.
You visited 1 branch of the dungeon, and saw 7 of its levels.
You also visited: Bailey.

You collected 258 gold pieces.

Inventory:

Hand Weapons
 a - a +2 war axe (weapon)
Missiles
 u - 11 boomerangs (quivered)
Armour
 b - a +0 scale mail (worn)
 c - a +0 buckler (worn)
 j - a +0 pair of boots (worn)
 p - a +2 cloak (worn)
Jewellery
 g - a ring of protection from fire (left hand)
 h - a ring of protection from cold
 i - an amulet of the acrobat (around neck)
 l - a ring of see invisible
 t - an amulet of guardian spirit
Wands
 r - a wand of polymorph (13)
 s - a wand of quicksilver (6)
Scrolls
 m - a scroll of silence
 n - a scroll of enchant armour
Potions
 d - 2 potions of might
 e - 2 potions of ambrosia {unknown}
 k - 2 potions of lignification
 o - 2 potions of mutation
 q - a potion of flight


   Skills:
 - Level 3.6 Fighting
 + Level 10.9 Axes
 - Level 3.6 Armour
 - Level 3.6 Shields


You had 6 spell levels left.
You didn't know any spells.
Your spell library contained the following spells:

 Spells                   Type           Power      Damage    Failure   Level
 Portal Projectile        Hex/Tloc       0%         N/A       99%         3
 Tukima's Dance           Hex            0%         N/A       99%         3
 Blade Hands              Tmut           0%         N/A       100%        5


Dungeon Overview and Level Annotations

Branches:
Dungeon (8/15)             Bailey (1/1)
 Temple: D:4-7         Lair: D:8-11

Altars:
Ashenzari
Gozag
Hepliaklqana
Kikubaaqudgha
Nemelex Xobeh
Qazlal
Trog
Zin

Shops:
D:3 [


Innate Abilities, Weirdness & Mutations

You have a pair of horns on your head.
You reflexively headbutt those who attack you in melee.


Message History

Okay, then.
Blink to where?
Press: ? - help, Dir - move target
As you read the scroll of blinking, it crumbles to dust.
Throw: 11 boomerangs
Press: ? - help, Q - select action, (/) - cycle Shift-Dir - straight line, f - orc warrior
Aim: an orc warrior, wielding a +0 battleaxe and wearing a +0 chain mail (50% to hit)
You throw a boomerang.
The boomerang barely misses the orc warrior.
Throw: 11 boomerangs
Press: ? - help, Q - select action, (/) - cycle Shift-Dir - straight line, f/p - orc warrior
Aim: an orc warrior, wielding a +0 battleaxe and wearing a +0 chain mail (50% to hit)
You throw a boomerang.
The boomerang hits the orc warrior but does no damage.
Throw: 11 boomerangs
Press: ? - help, Q - select action, (/) - cycle Shift-Dir - straight line, f/p - orc warrior
Aim: an orc warrior, wielding a +0 battleaxe and wearing a +0 chain mail (50% to hit)
You throw a boomerang.
The boomerang hits the orc warrior but does no damage.
You closely miss the orc warrior.
The orc warrior hits you with a +0 battleaxe.
* * * LOW HITPOINT WARNING * * *
You closely miss the orc warrior. You completely miss the orc warrior.
You block the orc warrior's attack.
You barely miss the orc warrior.
The orc warrior is heavily wounded.
You hit the orc warrior but do no damage.
The orc warrior closely misses you. You furiously retaliate!
You headbutt the orc warrior! The orc warrior closely misses you.
You closely miss the orc warrior.
The orc warrior is severely wounded.
You hit the orc warrior but do no damage.
The orc warrior hits you with a +0 war axe!
* * * LOW HITPOINT WARNING * * *
The orc warrior completely misses you.
You slash the orc warrior!
You kill the orc warrior!
You hit the orc warrior.
The orc warrior hits you with a +0 battleaxe!
You die...

♣♣♣∩♣♣♣ #### ♣♣♣.....♣♣♣
#### ##...##.........##.$!#
##.....##.......##....?
##...8...##~~~~~##......
##.........#~~~~~#...8..8 ♣
#.........o#~~~~~#)......
♣≈≈#..8..8..†@)).†..'o......
♣≈≈#........#########(.....8
♣≈≈##......##~~~# ###....
♣...##..)..#~=... ...
♣....##....#~!... .
♣♣.....#.)..##8.8.
♣......'.....#o...
♣∩.∩...'.....#....
♣......'.....#....


You could see an orc warrior.

Vanquished Creatures
  Sigmund (D:3)
  An orc warrior (Bailey)
  A black bear (D:4)
  An ogre (D:5)
  A sky beast (D:7)
  A centaur (D:7)
  A scorpion (D:5)
  A hound (D:4)
  2 iguanas
  Terence (D:2)
  An orc wizard (D:4)
  Natasha (thrice) (D:2)
  6 adders
  A gnoll (Bailey)
  2 worms
  A dart slug (D:2)
  5 orcs
  6 endoplasms
  2 giant cockroaches
  15 goblins
  8 hobgoblins
  11 kobolds
  2 quokkas
  4 ball pythons
  A bat (D:2)
  3 frilled lizards
  A rat (D:3)
83 creatures vanquished.

Notes
Turn   | Place    | Note
-------+----------+-------------------------------------------
     0 | D:1      | Tauromancer the Minotaur Fighter began the quest for the
                  | Orb.
     0 | D:1      | Reached XP level 1. HP: 19/19 MP: 0/0
   324 | D:1      | Reached skill level 3 in Axes
   451 | D:1      | Reached XP level 2. HP: 21/26 MP: 1/1
  1032 | D:2      | Noticed Natasha
  1040 | D:2      | Killed Natasha
  1041 | D:2      | Reached skill level 4 in Axes
  1041 | D:2      | Reached XP level 3. HP: 31/31 MP: 2/2
  1094 | D:2      | Noticed Terence
  1099 | D:2      | Killed Terence
  1100 | D:2      | Reached skill level 5 in Axes
  1167 | D:2      | Reached XP level 4. HP: 39/39 MP: 3/3
  1235 | D:2      | Noticed Natasha
  1236 | D:2      | Found an opulent altar of Gozag.
  1240 | D:2      | Killed Natasha
  1263 | D:2      | Noticed Natasha
  1266 | D:2      | Killed Natasha
  1267 | D:2      | Reached skill level 6 in Axes
  1403 | D:2      | Reached XP level 5. HP: 44/45 MP: 4/4
  1595 | D:3      | Found a broken altar of Ashenzari.
  1791 | D:3      | Noticed Sigmund
  1823 | D:3      | Killed Sigmund
  1824 | D:3      | Reached skill level 7 in Axes
  1824 | D:3      | Reached XP level 6. HP: 41/51 MP: 5/5
  1880 | D:3      | Found Wovio's Antique Armour Boutique.
  2039 | D:3      | Reached skill level 8 in Axes
  2161 | D:3      | Found a stormy altar of Qazlal.
  2162 | D:3      | Found an opulent altar of Gozag.
  2166 | D:3      | Found an ancient bone altar of Kikubaaqudgha.
  2167 | D:3      | Found a hazy altar of Hepliaklqana.
  2167 | D:3      | Found a bloodstained altar of Trog.
  2168 | D:3      | Found a sparkling altar of Nemelex Xobeh.
  2169 | D:3      | Found a glowing silver altar of Zin.
  3459 | D:4      | Reached skill level 9 in Axes
  3459 | D:4      | Reached XP level 7. HP: 53/57 MP: 6/6
  3538 | D:5      | Entered Level 5 of the Dungeon
  3549 | D:5      | Reached skill level 10 in Axes
  3710 | D:5      | You fall into a shaft and drop 3 floors!
  3934 | D:7      | Found a flagged portal.
  3958 | Bailey   | Entered a bailey
  3963 | Bailey   | Noticed an orc warlord
  4020 | Bailey   | Mangled by an orc warrior

Illustrated notes

Levels and vault maps discovered:
D:1:      matt_arrival_refuge, layout_basic
D:2:      layout_rooms, basic_altar, minmay_heptomino_o4, uniq_terence,
          uniq_natasha
D:3:      layout_basic, mainiacjoe_overflow_boulevard, minitemple, serial_shops,
          shop, uniq_sigmund
D:4:      minmay_evil_eye, layout_basic, fountainhead, hangedman_minor_gate_pass
D:5:      layout_loops_ring
D:7:      layout_basic, elyvilon_altar_5, enter_bailey_5
D:8:      layout_cave_pods
Bailey:   bailey_axe_bossmonster_kennysheep, bailey

Skill      XL: |  1  2  3  4  5  6  7 |
---------------+----------------------+-----
Axes           | 3 4 5 6 7 9 10 | 10.9
Fighting       | |  3.6
Armour         | |  3.6
Shields        | |  3.6

Action                     |  1- 3 |  4- 6 |  7- 9 || total
---------------------------+-------+-------+-------++-------
  Melee: War axe           |    40 |   102 |    57 ||   199
         Headbutt          |     6 |    15 |     7 ||    28
  Throw: Boomerang         |       |       |     3 ||     3
    Use: Scroll            |     1 |    11 |     4 ||    16
 Armour: Scale mail        |    12 |    29 |    16 ||    57
  Dodge: Dodged            |    17 |    51 |    37 ||   105
  Block: Buckler           |     8 |    14 |    12 ||    34
